 Dungeon Crawl Stone Soup version 0.25-a0-578-gc91f01c39c (webtiles) character file.

Game seed: 9877012468882059126, levelgen mode: deterministic

453 drasked the Chopper (level 7, -3/61 HPs)
             Began as a Hill Orc Monk on Mar 5, 2020.
             Was a Believer of Beogh.
             Slain by Pikel
             ... wielding a +2 whip of electrocution
              (8 damage)
             ... on level 4 of the Dungeon.
             The game lasted 00:10:07 (5083 turns).

drasked the Chopper (Hill Orc Monk)                 Turns: 5083, Time: 00:10:07

Health: -3/61      AC:  9    Str: 14    XL:     7   Next: 5%
Magic:  7/7        EV:  7    Int: 12    God:    Beogh [**....]
Gold:   324        SH:  0    Dex: 13    Spells: 6/6 levels left

rFire    . . .     SeeInvis .   a - +0 hand axe
rCold    . . .     Gourm    .   (no shield)
rNeg     . . .     Faith    .   n - +0 chain mail
rPois    .         Spirit   .   (no helmet)
rElec    .         Reflect  .   (no cloak)
rCorr    .         Harm     .   (no gloves)
MR       .....                  (no boots)
Stlth    ..........             (no amulet)
HPRegen  0.20/turn              (no ring)
MPRegen  0.10/turn              (no ring)

@: no status effects
A: no striking features
a: Smiting, Renounce Religion


You were on level 4 of the Dungeon.
You worshipped Beogh.
Beogh was pleased with you.
You were near starving.

You visited 1 branch of the dungeon, and saw 4 of its levels.

You collected 324 gold pieces.

Inventory:

Hand Weapons
 a - a +0 hand axe (weapon)
Missiles
 Q - 61 stones (quivered)
Armour
 n - a +0 chain mail (worn)
   (You found it on level 3 of the Dungeon)
Jewellery
 x - an uncursed amulet of regeneration {unknown}
   (You found it on level 4 of the Dungeon)
Wands
 l - a wand of paralysis (11)
   (You found it on level 3 of the Dungeon)
Scrolls
 b - a scroll of magic mapping {unknown}
 c - 3 scrolls of teleportation {unknown}
 g - 2 scrolls of identify {unknown}
 h - 2 scrolls of remove curse {unknown}
 i - 6 scrolls of blinking {unknown}
 o - a scroll of fog {unknown}
 s - a scroll of noise {unknown}
 t - a scroll of immolation {unknown}
 v - a scroll of enchant weapon {unknown}
Potions
 d - a potion of resistance {unknown}
 k - a potion of stabbing {unknown}
 m - 2 potions of cancellation {unknown}
 p - a potion of degeneration {unknown}
 q - a potion of curing
 r - a potion of invisibility {unknown}
 u - a potion of might {unknown}
 w - a potion of lignification {unknown}
Comestibles
 e - 6 rations


   Skills:
 + Level 5.5 Fighting
 * Level 7.7 Axes
 + Level 3.5 Armour
 - Level 2.4 Dodging
 - Level 1.5 Stealth


You had 6 spell levels left.
You didn't know any spells.
Your spell library was empty.

Dungeon Overview and Level Annotations

Branches:
Dungeon (4/15)
 Temple: D:4-7

Altars:
Qazlal

Annotations:
D:2 1 runed translucent door, Crazy Yiuf, Terence
D:4 Edmund, Pikel


Message History

The silver javelin closely misses the phantom.
Throwing (i - inventory. (/) - cycle)
j - a silver javelin (quivered)
Aim: a phantom (severely damaged)
You throw a silver javelin.
The silver javelin pierces through the phantom!
The phantom hits you.
* * * LOW HITPOINT WARNING * * *
You hit the phantom.
You destroy the phantom!
You have reached level 7!
j - 2 silver javelins You start resting.
Edmund is too close now for your liking.
Edmund is nearby!
You are feeling very hungry.
Things that are here:
a +0 ring mail; a +0 trident
There is a stone staircase leading up here.
You start resting.
Edmund is too close now for your liking.
Edmund shouts!
You climb upwards.
There is a stone staircase leading down, spattered with blood here.
You start resting.
Things that are here:
a +0 robe; a +0 dagger
There is a stone staircase leading down here.
You climb downwards.
Level annotation: Edmund
There is a stone staircase leading up here.
You see here 15 stones.
You see here a +0 short sword.
You now have 295 gold pieces (gained 9).
You now have 310 gold pieces (gained 15).
i - 6 scrolls labeled BEWKINW MILUEN (gained 1)
An adder skeleton comes into view.
You see here a ration.
An adder skeleton is nearby!
Throwing (i - inventory. (/) - cycle)
j - 2 silver javelins (quivered)
Aim: an adder skeleton You throw a silver javelin.
The silver javelin pierces through the adder skeleton!
Throwing (i - inventory. (/) - cycle)
j - a silver javelin (quivered)
Aim: an adder skeleton (severely damaged)
You throw a silver javelin.
The silver javelin pierces through the adder skeleton.
You destroy the adder skeleton!
e - 5 rations (gained 1)
j - a silver javelin
j - 2 silver javelins (gained 1)
You are near starving!
e - 6 rations (gained 1)
You now have 324 gold pieces (gained 14).
You see here 17 bolts.
A slave comes into view.
Throwing (i - inventory. (/) - cycle)
j - 2 silver javelins (quivered)
Aim: a slave You throw a silver javelin.
The silver javelin pierces through the slave!
Throwing (i - inventory. (/) - cycle)
j - a silver javelin (quivered)
Aim: a slave (heavily wounded)
You throw a silver javelin.
The silver javelin pierces through the slave.
A slave comes into view.
Throwing (i - inventory. (/) - cycle)
f - a javelin (quivered)
Aim: a slave (severely wounded)
You throw a javelin. The javelin barely misses the slave.
The slave shouts!
You hear a shout!
You miss the slave. The slave hits you.
You hit the slave but do no damage.
Pikel the Slaver comes into view.
He is wielding a +2 whip of electrocution.
You closely miss the slave. You hit the slave.
The slave hits you but does no damage. Pikel waves his whip at you.
You completely miss the slave. You closely miss the slave.
The slave barely misses you. The slave hits you but does no damage.
You hit the slave. You barely miss the slave.
The slave hits you but does no damage. The slave hits you.
Pikel drinks a potion.
Pikel goes berserk!
You hit the slave but do no damage. x2; The slave hits you. x2
A slave comes into view.
The slave shouts!
You closely miss the slave. You hit the slave. The slave barely misses you.
You hear a shout!
You closely miss the slave. You closely miss Pikel.
Pikel hits you with a +2 whip of electrocution!
You are electrocuted!
* * * LOW HITPOINT WARNING * * *
A slave comes into view.
The slave hits you.
* * * LOW HITPOINT WARNING * * *
You miss Pikel. You miss the slave.
Pikel hits you with a +2 whip of electrocution.
* * * LOW HITPOINT WARNING * * *
You are electrocuted!
* * * LOW HITPOINT WARNING * * *
The slave barely misses you.
Pikel hits you with a +2 whip of electrocution!
You die...

...............#..##..... ..
#............#..#..#..#. ..
............##........##....
............##.............#
#....................#######
#................(##.#
..###........>....##.#
............##....##.+
......#........p@.####
......#....#...#K##
....(##..####..##p#
.........# ##.##...
...#.....# #....#(
#..#.....### ....#(p
#..........###...#. ..
..........<#....... ##
.........#......#


You could see Pikel (berserk) and 3 slaves.

Levels and vault maps discovered:
D:1:      roderic_dead_forest, layout_basic
D:2:      layout_loops_ring, nicolae_qazlal_eye_of_the_storm, uniq_terence,
          uniq_crazy_yiuf_cottage
D:3:      layout_rooms, minmay_quantized
D:4:      layout_cave_pools, nicolae_overflow_hidden_temple, first_ration,
          okawaru_altar_gauntlet_db, uniq_pikel, uniq_edmund

Notes
Turn   | Place    | Note
-------+----------+-------------------------------------------
     0 | D:1      | drasked the Hill Orc Monk began the quest for the Orb.
     0 | D:1      | Reached XP level 1. HP: 19/19 MP: 1/1
    22 | D:1      | Identified a +0 whip
   238 | D:1      | Identified a +0 dagger
   246 | D:1      | Reached XP level 2. HP: 22/27 MP: 2/2
   411 | D:1      | Identified a +0 dagger
   412 | D:1      | Identified a +0 dagger
   656 | D:1      | Identified a +0 dagger
   661 | D:1      | Reached skill level 1 in Armour
   932 | D:1      | Identified a +0 club
   935 | D:1      | Reached skill level 4 in Fighting
   936 | D:1      | Identified a +0 club
  1000 | D:1      | Identified a +0 club
  1008 | D:1      | Reached XP level 3. HP: 31/33 MP: 3/3
  1091 | D:1      | You fall into a shaft and drop 1 floor!
  1155 | D:2      | Reached skill level 5 in Axes
  1247 | D:2      | Found a stormy altar of Qazlal.
  1327 | D:2      | Identified a +0 club
  1561 | D:2      | Identified a cursed -1 hand axe
  1561 | D:2      | Identified a +4 scale mail of fire resistance
  1561 | D:2      | Noticed Terence
  1711 | D:2      | Reached XP level 4. HP: 31/41 MP: 4/4
  1841 | D:2      | Found a runed translucent door.
  1842 | D:2      | Identified a +4 quarterstaff of chaos
  1842 | D:2      | Identified a +0 cloak
  1842 | D:2      | Noticed Crazy Yiuf
  2303 | D:3      | Identified a +0 flail
  2303 | D:3      | Identified a +0 trident
  2303 | D:3      | Identified a +0 leather armour
  2303 | D:3      | Identified a +0 dagger
  2303 | D:3      | Identified a +0 robe
  2304 | D:3      | Became a worshipper of Beogh the Brigand
  2304 | D:3      | Reached * piety under Beogh
  2304 | D:3      | Reached ** piety under Beogh
  2306 | D:3      | Identified a +0 hand axe
  2307 | D:3      | Identified a +0 dagger
  2307 | D:3      | Identified a +0 robe
  2320 | D:3      | Reached skill level 2 in Armour
  2528 | D:3      | Identified a +0 dagger
  2528 | D:3      | Identified a +0 robe
  2542 | D:3      | Reached skill level 6 in Axes
  2542 | D:3      | Reached XP level 5. HP: 39/47 MP: 5/5
  2597 | D:3      | Identified a +0 hand axe
  2597 | D:3      | Identified a +0 leather armour
  2597 | D:3      | Identified a +0 dagger
  2597 | D:3      | Identified a +0 dagger
  2597 | D:3      | Identified a +0 robe
  2610 | D:3      | Identified a cursed +0 scale mail
  2637 | D:3      | HP: 7/47 [orc wizard/magic dart (6)]
  2654 | D:3      | Identified a +0 chain mail (You found it on level 3 of the
                  | Dungeon)
  2921 | D:3      | Identified a +1 dagger of venom
  2921 | D:3      | Identified a +0 robe
  2942 | D:3      | Identified 2 potions of curing
  3201 | D:3      | Identified a +0 club
  3201 | D:3      | Identified a +0 leather armour
  3201 | D:3      | Identified a +0 dagger
  3201 | D:3      | Identified a +0 dagger
  3201 | D:3      | Identified a +0 robe
  3347 | D:2      | Identified a ring of ice (You found it on level 1 of the
                  | Dungeon)
  3366 | D:3      | Identified a +0 club
  3383 | D:2      | HP: 8/47 [orc priest/divine providence (12)]
  3385 | D:2      | Reached skill level 5 in Fighting
  3385 | D:2      | Reached XP level 6. HP: 8/56 MP: 6/6
  3913 | D:4      | Identified a +0 short sword
  3913 | D:4      | Identified a +0 ring mail
  3913 | D:4      | Identified a +0 club
  3913 | D:4      | Identified a +0 ring mail
  3913 | D:4      | Identified a +0 flail
  3913 | D:4      | Identified a +0 chain mail
  3913 | D:4      | Identified a +0 hand axe
  3920 | D:4      | Identified a +0 whip
  4025 | D:3      | Reached skill level 7 in Axes
  4025 | D:3      | Reached skill level 3 in Armour
  4100 | D:4      | Identified a +0 trident
  4100 | D:4      | Identified a +0 ring mail
  4105 | D:4      | Identified a +0 dagger
  4105 | D:4      | Identified a +0 robe
  4352 | D:4      | Identified a +1 flail of protection
  4352 | D:4      | Identified a +0 chain mail
  4352 | D:4      | Noticed Edmund
  4439 | D:4      | Identified a +0 short sword
  4473 | D:4      | Noticed a phantom
  4782 | D:4      | Killed a phantom
  4782 | D:4      | Reached XP level 7. HP: 36/61 MP: 7/7
  5076 | D:4      | Identified a +2 whip of electrocution
  5076 | D:4      | Identified a +0 robe
  5076 | D:4      | Noticed Pikel
  5083 | D:4      | HP: 5/61 [Pikel/+2 whip of electrocution (15)]
  5083 | D:4      | Slain by Pikel

Table legend:
 A = Turns spent in this place as a percentage of turns spent in the entire game.
 B = Non-inter-level travel turns spent in this place as a percentage of non-inter-level travel turns spent in the entire game.
 C = Inter-level travel turns spent in this place as a percentage of turns spent in this place.
 D = Turns resting spent in this place as a percentage of non-inter-level travel turns spent in this place.
 E = Turns spent auto-exploring this place as a percentage of non-inter-level travel turns spent in this place.
 F = Non-inter-level travel turns spent in this place divided by the number of levels of this place that you've seen.
                   A       B       C       D       E      F
               +-------+-------+-------+-------+-------+----------------------
         Total | 100.0 | 100.0 |   2.5 |  45.5 |  35.2 | 1238.5
       Dungeon | 100.0 | 100.0 |   2.5 |  45.5 |  35.2 | 1238.5
               +-------+-------+-------+-------+-------+----------------------

Table legend:
 A = Kills in this place as a percentage of kills in entire the game.
 B = Kills by you in this place as a percentage of kills by you in the entire game.
 C = Kills by friends in this place as a percentage of kills by friends in the entire game.
 D = Other kills in this place as a percentage of other kills in the entire game.
 E = Experience gained in this place as a percentage of experience gained in the entire game.
 F = Experience gained in this place divided by the number of levels of this place that you have seen.
                   A       B       C       D       E      F
               +-------+-------+-------+-------+-------+----------------------
         Total | 100.0 | 100.0 |   N/A | 100.0 | 100.0 | 162.0
       Dungeon | 100.0 | 100.0 |   N/A | 100.0 | 100.0 | 162.0
               +-------+-------+-------+-------+-------+----------------------

Skill      XL: |  1  2  3  4  5  6 |
---------------+-------------------+-----
Armour         | 1 2 3 |  3.5
Fighting       | 4 5 |  5.5
Axes           | 5 6 7 |  7.7
Dodging        | |  2.4
Stealth        | |  1.5

Action                   |  1- 3 |  4- 6 |  7- 9 || total
-------------------------+-------+-------+-------++-------
Melee: Hand axe          |   107 |   270 |     9 ||   386
Throw: Stone             |    51 |    46 |       ||    97
       Javelin           |       |    15 |     5 ||    20
Invok: Convert to Beogh  |       |     1 |       ||     1
  Use: Potion            |       |     1 |       ||     1
  Eat: Chunk             |     3 |     2 |       ||     5
       Ration            |       |     2 |       ||     2
Armor: Robe              |    24 |    13 |       ||    37
       Chain mail        |       |   101 |     3 ||   104
Dodge: Dodged            |    88 |   106 |     3 ||   197

Vanquished Creatures
  A phantom (D:4)
  A hound (D:4)
  2 orc priests
  5 orc wizards
  5 adders (D:2)
  An adder skeleton (D:4)
  2 worms
  A dart slug (D:3)
  2 leopard geckos
  12 orcs
  5 giant cockroaches
  3 goblins
  5 hobgoblins
  4 jackals (D:1)
  2 quokkas
  A ball python (D:4)
  7 bats
  2 frilled lizards
  8 kobolds
  2 rats (D:1)
71 creatures vanquished.

Vanquished Creatures (others)
  An orc wizard (D:3)
  An adder (D:3)
  An orc (D:3)
  A giant cockroach (D:3)
  A hobgoblin (D:3)
  A bat (D:3)
  A rat (D:3)
7 creatures vanquished.

Grand Total: 78 creatures vanquished
